 Dungeon Crawl Stone Soup version 0.29.0-4-gdea44cf6ec (webtiles) character file.

Game seed: 5331625038800790204

58568 qw the Brawler (level 14, -3/93 HPs)
             Began as a Troll Cinder Acolyte on Sept 1, 2022.
             Was a High Priest of Okawaru.
             Killed from afar by a starcursed mass (7 damage)
             ... with an accursed screaming
             ... on level 2 of the Abyss.
             The game lasted 00:09:06 (14346 turns).

qw the Brawler (Troll Cinder Acolyte)              Turns: 14346, Time: 00:09:06

Health: -3/93      AC: 13    Str: 26      XL:     14   Next: 49%
Magic:  11/14      EV: 13    Int: 10 (11) God:    Okawaru [*****.]
Gold:   1113       SH: 15    Dex: 15      Spells: 15/15 levels left

rFire   x . .      SeeInvis .     - Unarmed
rCold   . . .      Faith    .   i - +2 kite shield
rNeg    . . .      Spirit   .   l - +0 acid dragon scales
rPois   +          Reflect  .   (helmet restricted)
rElec   .          Harm     .   o - +1 cloak
rCorr   +          Rampage  .   (gloves unavailable)
Will    +....      Rage     9%  (boots unavailable)
Stlth   +++.......              a - amulet of the acrobat
HPRegen 1.05/turn               d - ring of the Duke {rPois rF- Int+6 Dex+8}
MPRegen 0.14/turn               p - +4 ring of protection

@: heroic, on berserk cooldown, slowed, unable to read, unable to drink, very
slow
A: large, unfitting armour, claws 3, regeneration 1, shaggy fur 1, tough skin 1,
hooves 1, agile 1, devolution 1, [berserk 2], [clumsy 1], [deformed body],
[dopey 2], [frail 3], low MP 1[+1], [screaming 1], ([teleportitis 1]), [weak 1],
[subdued magic 1], inability to drink after injury 1[+1], [inability to read
after injury 2]
a: Renounce Religion, Heroism, Finesse, Duel


You were on level 2 of the Abyss.
You worshipped Okawaru.
Okawaru was extremely pleased with you.
You visited 3 branches of the dungeon, and saw 16 of its levels.
You visited the Abyss 1 time.

You collected 1193 gold pieces.
You spent 80 gold pieces at shops.


Innate Abilities, Weirdness & Mutations

You are too large for most types of armour.
You have claws for hands.
Your natural rate of healing is unusually fast.
You are covered in fur. (AC +1)
You have tough skin. (AC +1)
You have large cloven feet.
You are agile. (Dex +4, Str/Int -1)
You have hidden genetic defects.
[You have an uncontrollable temper.]
[You are clumsy. (Dex -2)]
[Armour fits poorly on your strangely shaped body.]
[You are very dopey. (Int -4)]
[You are extremely frail. (-30% HP)]
[Your magical capacity is very low. (-20% MP)]
[You occasionally shout uncontrollably at your foes.]
[((You are occasionally teleported next to monsters.))]
[You are weak. (Str -2)]
[Your spells are a little easier to cast, but a little less powerful.]
[You sometimes lose the ability to drink potions when taking damage.]
[You sometimes lose the ability to read scrolls when taking damage.]


   Skills:
 - Level 7.1(12.1) Fighting
 - Level 5.0(10.0) Throwing
 - Level 3.1(8.1) Armour
 - Level 5.0(10.0) Dodging
 - Level 11.5(16.5) Shields
 + Level 17.7(22.7) Unarmed Combat
 - Level 1.0 Spellcasting
 - Level 2.1 Fire Magic
 + Level 7.2 Invocations


You had 15 spell levels left.
You didn't know any spells.
Your spell library contained the following spells:

 Spells                   Type           Power      Damage    Failure   Level
 Scorch                   Fire           6%         2d5       32%         2

Inventory:

Missiles
 c - 6 javelins (quivered)
 h - 5 boomerangs
Armour
 i - a +2 kite shield (worn)
 l - +0 acid dragon scales (worn)
 o - a +1 cloak (worn)
Jewellery
 a - an amulet of the acrobat (around neck)
 d - the ring of the Duke (left claw) {rPois rF- Int+6 Dex+8}
   (You acquired it on level 2 of the Dungeon)

   [ring of intelligence]

   Int:       It affects your intelligence (+6).
   Dex:       It affects your dexterity (+8).
   rF:        It makes you vulnerable to fire.
   rPois:     It protects you from poison.
 p - a +4 ring of protection (right claw)
 s - a +4 ring of evasion
Scrolls
 b - 4 scrolls of enchant weapon
 e - 3 scrolls of brand weapon
 k - 3 scrolls of identify
 m - 3 scrolls of teleportation
Potions
 f - 2 potions of mutation
 g - a potion of cancellation
 j - a potion of haste
 n - 4 potions of curing
 q - 3 potions of heal wounds
 r - a potion of resistance
 u - 3 potions of might

Dungeon Overview and Level Annotations

Branches:
Dungeon (10/15)            Temple (1/1) D:4            Lair (5/5) D:10
 Shoals (0/4) Lair:3        Snake (0/4) Lair:2        Slime (0/5) Lair:5
    Orc (0/2) D:9

Altars:
Cheibriados
Dithmenos
Kikubaaqudgha
Nemelex Xobeh
Okawaru
Qazlal
Sif Muna
Wu Jian
Xom
Zin

Shops:
D:1 [*!(   D:2 [   D:4 *   D:9 [(

Annotations:
D:3 3 runed translucent doors, BraveToast's ghost, amateur OgHu
Lair:1 1 runed translucent door


Message History

You feel like a meek peon again. You block the ufetubus's attack.
The ufetubus hits you but does no damage.
You block the ufetubus's attack. x2
A chorus of shrieks assaults your mind.
You feel the corruption within you wane somewhat.
Your urge to scream lessens.
Your system partly accepts the healing effects of potions.
You feel agile.
You feel a little healthier.
You feel stronger.
Your system completely accepts the healing effects of potions.
Your connection to magic feels less subdued.
You feel healthier.
Your connection to magic feels less subdued.
You feel more energetic.
You feel stable.
14340 ||| INVOKING Heroism.
You gain the combat prowess of a mighty hero.
You block the ufetubus's attack. The ufetubus misses you.
You block the ufetubus's attack. x2
You mangle the ufetubus!!
You kill the ufetubus!
Okawaru accepts your kill.
A starcursed mass splits.
The starcursed mass shrieks in your mind.
A chorus of shrieks assaults your mind.
A starcursed mass splits. x2
You claw the starcursed mass!
The starcursed mass is heavily damaged.
The starcursed mass shudders and is absorbed by its neighbour.
A chorus of shrieks assaults your mind.
You scratch the starcursed mass but do no damage.
You kick the starcursed mass, but do no damage.
The starcursed mass is lightly damaged.
You block the starcursed mass's attack. x2; A starcursed mass splits.
The starcursed mass barely misses you.
You mangle the starcursed mass!! You kick the starcursed mass.
The starcursed mass is severely damaged.
The starcursed mass shudders and is absorbed by its neighbour.
You block the starcursed mass's attack.
A starcursed mass splits.
A deafening chorus of shrieks assaults your mind!
You die...

¤¤...¤.......¤¤......
.#..¤.¤.....#...¤.. ..
....#..#......##.... ..
.. ..¤#.#...¤.¤..#.¤.
..... ..#.....¤.¤¤¤.¤¤¤
. .. ...
..¤...#.###.¤..... ..
.. ..#......¤....#.¤¤
.# ...
¤.¤.¤...)..X.¤¤¤.......
.#¤¤.....@X...¤¤#... .
¤.¤¤....X#X#..¤.¤...
¤..¤....X¤¤...##..#
.....¤.#.......#.¤
..¤....¤.#.....¤..
....¤..#¤....#¤¤.. .
¤.¤...#....#¤¤.
.......¤....¤¤¤...


You could see 5 starcursed masses.

Vanquished Creatures
  A tentacled starspawn (Abyss:2)
  A dire elephant (Lair:5)
  8 hydras
  A great orb of eyes (Abyss:2)
  A two-headed ogre (D:10)
  Erica (D:8)
  6 death yaks
  Urug (Lair:5)
  3 thrashing horrors (Abyss:2)
  3 wretched stars (Abyss:2)
  Lodul (D:10)
  A wolf spider (Lair:5)
  14 elephants
  3 black mambas
  3 merfolk sirens (Lair:3)
  2 torpor snails (Lair:5)
  Maggie (D:8)
  14 cane toads
  Psyche (D:8)
  5 rime drakes
  An ancient zyme (Abyss:2)
  5 komodo dragons
  A merfolk (Lair:3)
  4 polar bears
  A queen bee (Lair:3)
  19 blink frogs
  10 dream sheep
  Sigmund (D:4)
  A shadow (D:9)
  78 yaks
  6 wyverns
  9 fire elementals
  Grum (Lair:1)
  A neqoxec (Abyss:2)
  2 steam dragons (D:8)
  A basilisk (Lair:3)
  Menkaure (D:6)
  6 water moccasins
  Duvessa (D:4)
  7 ogres
  3 orc warriors
  3 black bears
  11 wolves
  5 centaurs
  A phantom (D:6)
  A kobold brigand (D:5)
  9 bullfrogs
  A necrophage (D:6)
  2 scorpions
  13 wights
  2 small abominations (Abyss:2)
  Dowan (D:4)
  34 killer bees
  3 howler monkeys
  A quasit (Abyss:2)
  4 jellies
  6 hounds
  An iron imp (Abyss:2)
  10 orc priests
  A gnoll bouda (Lair:2)
  Jessica (D:3)
  7 orc wizards
  6 iguanas
  8 gnolls
  7 adders
  A white imp (D:5)
  2 ufetubi
  2 worms
  3 dart slugs
  41 orcs
  6 endoplasms
  2 giant cockroaches
  4 hobgoblins
  4 jackals (D:5)
  9 kobolds
  4 quokkas
  6 ball pythons
  6 bats
  A frilled lizard (D:1)
  4 goblins
  4 rats
  5 starspawn tentacles (Abyss:2)
472 creatures vanquished.

Vanquished Creatures (others)
  An orc wizard (D:8)
  An orc (D:8)
  11 fungi
  27 plants
40 creatures vanquished.

Grand Total: 512 creatures vanquished

Notes
Turn   | Place    | Note
-------+----------+-------------------------------------------
     0 | D:1      | qw the Troll Cinder Acolyte began the quest for the Orb.
     0 | D:1      | Reached XP level 1. HP: 22/22 MP: 1/1
     0 | D:1      | 0 ||| qw: Version: 0.1-a-97-g2dd2ca4
     0 | D:1      | 0 ||| qw: Game counter: 4754
     0 | D:1      | 0 ||| qw: Always use a shield: true
     0 | D:1      | 0 ||| qw: God list: Okawaru
     0 | D:1      | 0 ||| qw: Allow faded altars: false
     0 | D:1      | 0 ||| qw: Do Orc after D:15 true
     0 | D:1      | 0 ||| qw: Do second Lair branch before Depths: true
     0 | D:1      | 0 ||| qw: Lair rune preference: random
     0 | D:1      | 0 ||| qw: Plans: Normal
     0 | D:1      | 0 ||| PLANNING D:1-11
    19 | D:1      | Found Imutt's Distillery.
    33 | D:1      | 33 ||| SHOPLISTING potion of curing (39 gold, have 0).
    33 | D:1      | 33 ||| SHOPLISTING potion of might (52 gold, have 0).
    33 | D:1      | 33 ||| SHOPLISTING potion of mutation (104 gold, have 0).
    34 | D:1      | Found Ydipnupn's Weapon Boutique.
    45 | D:1      | 45 ||| READING scroll labelled NOMOIPN XUYX.
    92 | D:1      | Found Nucoppon's Assorted Antiques.
   112 | D:1      | 112 ||| SHOPLISTING 2 brown potions (39 gold, have 20).
   112 | D:1      | 112 ||| BUYING brown potion (19 gold).
   112 | D:1      | Bought a brown potion for 19 gold pieces
   112 | D:1      | 112 ||| SHOPLISTING glowing garnet ring (110 gold, have 1).
   112 | D:1      | 112 ||| SHOPLISTING murky dark potion (19 gold, have 1).
   112 | D:1      | 112 ||| SHOPLISTING scroll labelled FIBUNYLLAU (22 gold,
                  | have 1).
   112 | D:1      | 112 ||| SHOPLISTING scroll labelled GIAPPO CUAREAK (22
                  | gold, have 1).
   156 | D:1      | Found Eplyuged's Antique Armour Shoppe.
   171 | D:1      | 171 ||| SHOPLISTING embroidered robe (92 gold, have 10).
   171 | D:1      | 171 ||| SHOPLISTING kite shield (112 gold, have 10).
   171 | D:1      | 171 ||| SHOPLISTING runed robe (92 gold, have 10).
   268 | D:1      | 268 ||| Stepping ~*~*~tactically~*~*~ (outnumbered).
   269 | D:1      | 269 ||| Stepping ~*~*~tactically~*~*~ (outnumbered).
   270 | D:1      | 270 ||| Stepping ~*~*~tactically~*~*~ (outnumbered).
   274 | D:1      | 274 ||| Stepping ~*~*~tactically~*~*~ (outnumbered).
   292 | D:1      | Reached XP level 2. HP: 29/29 MP: 2/2
   305 | D:1      | Found a faded altar of an unknown god.
   382 | D:1      | 382 ||| Stepping ~*~*~tactically~*~*~ (hiding).
   612 | D:1      | 612 ||| Stepping ~*~*~tactically~*~*~ (outnumbered).
   719 | D:1      | 719 ||| READING scroll labelled FIBUNYLLAU.
   724 | D:1      | 724 ||| READING scroll labelled JORCHU OMEULITT.
   725 | D:1      | 725 ||| READING scroll labelled QIVEYDONIG.
   726 | D:1      | 726 ||| READING scroll labelled BUOCKEOQIU.
   727 | D:1      | 727 ||| Stepping randomly (stuck).
   768 | D:2      | Reached skill level 4 in Unarmed Combat
  1031 | D:2      | Found Qittedab's Antique Armour Emporium.
  1036 | D:2      | 1036 ||| SHOPLISTING cloak (108 gold, have 85).
  1036 | D:2      | 1036 ||| SHOPLISTING embroidered cloak (180 gold, have 85).
  1049 | D:2      | Reached XP level 3. HP: 28/36 MP: 3/3
  1441 | D:2      | 1441 ||| READING scroll labelled PIACANA VOUVA.
  1441 | D:2      | Identified a scroll of acquirement
  1441 | D:2      | 1441 ||| ACQUIRING ring of the Duke {rPois rF- Int+6 Dex+8}
  1441 | D:2      | Acquired the ring of the Duke {rPois rF- Int+6 Dex+8}
  1443 | D:2      | 1443 ||| UPGRADING to ring of the Duke {rPois rF- Int+6
                  | Dex+8}.
  1444 | D:2      | 1444 ||| READING scroll labelled KEPOLEXTUJA.
  1445 | D:2      | 1445 ||| DRINKING 2 fuming inky potions.
  1445 | D:2      | Gained mutation: You have hidden genetic potential. [potion
                  | of mutation]
  1446 | D:2      | 1446 ||| DRINKING 2 coppery potions.
  1496 | D:3      | 1496 ||| INVOKING Fiery Armour.
  1497 | D:3      | 1497 ||| STAIRDANCE
  1502 | D:3      | 1502 ||| STAIRDANCE
  1508 | D:2      | Reached skill level 1 in Dodging
  1523 | D:3      | 1523 ||| STAIRDANCE
  1538 | D:3      | Reached XP level 4. HP: 44/44 MP: 4/4
  1561 | D:3      | Gained mutation: You have large cloven feet. [hidden
                  | potential]
  1620 | D:3      | Found a runed translucent gate.
  1620 | D:3      | Found a runed translucent gate.
  1620 | D:3      | Found a runed translucent gate.
  1737 | D:3      | Noticed Jessica
  1738 | D:3      | 1738 ||| Stepping ~*~*~tactically~*~*~ (hiding).
  1840 | D:3      | 1840 ||| Stepping ~*~*~tactically~*~*~ (hiding).
  1848 | D:3      | Killed Jessica
  1849 | D:3      | Reached skill level 5 in Unarmed Combat
  1984 | D:3      | Noticed BraveToast's ghost (amateur OgHu)
  2219 | D:3      | 2219 ||| READING 2 scrolls labelled UGGACZANGA.
  2220 | D:3      | 2220 ||| DROPPING scroll of immolation.
  2263 | D:4      | Found a glowing silver altar of Zin.
  2268 | D:4      | Found Guysmiokk's Assorted Antiques.
  2268 | D:4      | Noticed a yak
  2270 | D:4      | Noticed a yak
  2271 | D:4      | 2271 ||| Stepping ~*~*~tactically~*~*~ (stealth).
  2273 | D:4      | 2273 ||| Stepping ~*~*~tactically~*~*~ (stealth).
  2278 | D:4      | Killed a yak
  2279 | D:4      | Reached skill level 6 in Unarmed Combat
  2279 | D:4      | Reached XP level 5. HP: 50/50 MP: 5/5
  2279 | D:4      | Reached XP level 6. HP: 59/59 MP: 6/6
  2280 | D:4      | Noticed a yak
  2280 | D:4      | Noticed a yak
  2281 | D:4      | 2281 ||| Stepping ~*~*~tactically~*~*~ (stealth).
  2282 | D:4      | 2282 ||| Stepping ~*~*~tactically~*~*~ (stealth).
  2284 | D:4      | Gained mutation: You are agile. (Dex +4, Str/Int -1)
                  | [hidden potential]
  2284 | D:4      | Lost mutation: You have hidden genetic potential. [hidden
                  | potential expressed]
  2290 | D:4      | Killed a yak
  2291 | D:4      | Reached skill level 7 in Unarmed Combat
  2294 | D:4      | 2294 ||| INVOKING Fiery Armour.
  2296 | D:4      | Killed a yak
  2297 | D:4      | Reached XP level 7. HP: 18/66 MP: 7/7
  2357 | D:4      | 2357 ||| BUYING 2 bubbling silvery potions (41 gold).
  2357 | D:4      | Bought 2 bubbling silvery potions for 41 gold pieces
  2357 | D:4      | 2357 ||| SHOPLISTING fine platinum ring (115 gold, have
                  | 79).
  2357 | D:4      | 2357 ||| BUYING metallic ruby potion (20 gold).
  2357 | D:4      | Bought a metallic ruby potion for 20 gold pieces
  2357 | D:4      | 2357 ||| SHOPLISTING potion of curing (69 gold, have 59).
  2371 | D:4      | Noticed Duvessa
  2372 | D:4      | Noticed Dowan
  2380 | D:4      | Killed Duvessa
  2383 | D:4      | Killed Dowan
  2384 | D:4      | Reached skill level 8 in Unarmed Combat
  2433 | D:4      | Noticed Sigmund
  2442 | D:4      | Killed Sigmund
  2443 | D:4      | Reached skill level 3 in Fighting
  2505 | D:4      | 2505 ||| Stepping ~*~*~tactically~*~*~ (stealth).
  2581 | D:4      | Reached XP level 8. HP: 75/75 MP: 8/8
  2815 | D:4      | Found a staircase to the Ecumenical Temple.
  2846 | D:4      | Found a sparkling altar of Nemelex Xobeh.
  2858 | D:4      | Found a snail-covered altar of Cheibriados.
  2957 | D:4      | 2957 ||| UPGRADING to +0 cloak.
  2962 | D:4      | 2962 ||| DROPPING +6 ring of intelligence.
  2963 | D:4      | 2963 ||| READING scroll labelled DUMAVECZ FOUPSIKU.
  2964 | D:4      | 2964 ||| READING scroll labelled KEUMYC VAOS.
  2965 | D:4      | 2965 ||| DRINKING 2 bubbling silvery potions.
  3070 | D:4      | 3070 ||| DRINKING 2 lumpy emerald potions.
  3071 | D:4      | 3071 ||| DRINKING 2 metallic ruby potions.
  3072 | D:4      | 3072 ||| READING 4 scrolls of identify.
  3072 | D:4      | 3072 ||| IDENTIFYING brown potion
  3073 | D:4      | 3073 ||| READING 3 scrolls of identify.
  3073 | D:4      | 3073 ||| IDENTIFYING bubbling emerald potion
  3074 | D:4      | 3074 ||| READING 2 scrolls of identify.
  3074 | D:4      | 3074 ||| IDENTIFYING orange potion
  3075 | D:4      | 3075 ||| DROPPING potion of brilliance.
  3076 | D:4      | 3076 ||| DROPPING potion of berserk rage.
  3077 | D:4      | 3077 ||| DROPPING potion of degeneration.
  3078 | D:4      | 3078 ||| DROPPING potion of flight.
  3119 | D:5      | Entered Level 5 of the Dungeon
  3178 | D:5      | Reached skill level 9 in Unarmed Combat
  3238 | D:5      | Reached skill level 1 in Throwing
  3409 | D:5      | 3409 ||| Stepping ~*~*~tactically~*~*~ (stealth).
  3410 | D:5      | 3410 ||| Stepping ~*~*~tactically~*~*~ (stealth).
  3413 | D:5      | 3413 ||| Stepping ~*~*~tactically~*~*~ (stealth).
  3416 | D:5      | 3416 ||| Stepping ~*~*~tactically~*~*~ (hiding).
  3848 | D:5      | Reached skill level 10 in Unarmed Combat
  3993 | D:5      | 3993 ||| Stepping ~*~*~tactically~*~*~ (stealth).
  3994 | D:5      | 3994 ||| Stepping ~*~*~tactically~*~*~ (stealth).
  3998 | D:5      | 3998 ||| Stepping ~*~*~tactically~*~*~ (outnumbered).
  4120 | D:5      | 4120 ||| UPGRADING to amulet of guardian spirit.
  4125 | D:5      | 4125 ||| READING scroll labelled GIAPPO CUAREAK.
  4162 | D:5      | 4162 ||| READING scroll labelled EDAMOTHR NOZA.
  4163 | D:5      | 4163 ||| READING 3 scrolls of identify.
  4163 | D:5      | 4163 ||| IDENTIFYING bubbling grey potion
  4164 | D:5      | 4164 ||| READING 2 scrolls of identify.
  4164 | D:5      | 4164 ||| IDENTIFYING murky red potion
  4165 | D:5      | 4165 ||| DROPPING potion of attraction.
  4217 | D:6      | Reached skill level 3 in Dodging
  4259 | D:6      | 4259 ||| READING scroll of enchant armour.
  4259 | D:6      | 4259 ||| ENCHANTING +0 cloak.
  4277 | D:6      | 4277 ||| Stepping ~*~*~tactically~*~*~ (stealth).
  4284 | D:6      | 4284 ||| Stepping ~*~*~tactically~*~*~ (stealth).
  4287 | D:6      | 4287 ||| Stepping ~*~*~tactically~*~*~ (stealth).
  4290 | D:6      | 4290 ||| Stepping ~*~*~tactically~*~*~ (stealth).
  4409 | D:6      | 4409 ||| Stepping ~*~*~tactically~*~*~ (stealth).
  4477 | D:6      | 4477 ||| Stepping ~*~*~tactically~*~*~ (stealth).
  4479 | D:6      | 4479 ||| Stepping ~*~*~tactically~*~*~ (stealth).
  4486 | D:6      | Reached XP level 9. HP: 81/84 MP: 7/9
  4588 | D:6      | 4588 ||| Stepping ~*~*~tactically~*~*~ (hiding).
  4691 | D:6      | 4691 ||| Stepping ~*~*~tactically~*~*~ (hiding).
  4761 | D:6      | 4761 ||| INVOKING Fiery Armour.
  4762 | D:6      | 4762 ||| Stepping ~*~*~tactically~*~*~ (outnumbered).
  4767 | D:6      | Reached skill level 11 in Unarmed Combat
  4769 | D:6      | 4769 ||| Stepping ~*~*~tactically~*~*~ (outnumbered).
  4773 | D:6      | 4773 ||| DRINKING potion of curing.
  4773 | D:6      | 4773 ||| (to cure confusion)
  4909 | D:6      | 4909 ||| Stepping ~*~*~tactically~*~*~ (stealth).
  4910 | D:6      | 4910 ||| Stepping ~*~*~tactically~*~*~ (stealth).
  4922 | D:6      | 4922 ||| Stepping ~*~*~tactically~*~*~ (stealth).
  4923 | D:6      | 4923 ||| Stepping ~*~*~tactically~*~*~ (stealth).
  5046 | D:6      | Noticed Menkaure
  5048 | D:6      | 5048 ||| FLEEEEING.
  5049 | D:6      | 5049 ||| FLEEEEING.
  5050 | D:6      | 5050 ||| FLEEEEING.
  5051 | D:6      | 5051 ||| FLEEEEING.
  5052 | D:6      | 5052 ||| FLEEEEING.
  5070 | D:6      | Killed Menkaure
  5104 | D:6      | 5104 ||| READING 3 scrolls labelled VITOK PAJO.
  5105 | D:6      | 5105 ||| READING scroll labelled PENOSM XIEHAET.
  5154 | D:6      | 5154 ||| Stepping ~*~*~tactically~*~*~ (stealth).
  5157 | D:6      | 5157 ||| Stepping ~*~*~tactically~*~*~ (stealth).
  5163 | D:6      | 5163 ||| Stepping ~*~*~tactically~*~*~ (stealth).
  5172 | D:7      | Found the +9 staff of Wucad Mu {*channel}
  5200 | D:7      | 5200 ||| FLEEEEING.
  5201 | D:7      | 5201 ||| FLEEEEING.
  5202 | D:7      | 5202 ||| FLEEEEING.
  5203 | D:7      | 5203 ||| FLEEEEING.
  5204 | D:7      | 5204 ||| FLEEEEING.
  5256 | D:7      | Found an ancient bone altar of Kikubaaqudgha.
  5259 | D:7      | 5259 ||| Stepping ~*~*~tactically~*~*~ (stealth).
  5260 | D:7      | 5260 ||| Stepping ~*~*~tactically~*~*~ (stealth).
  5264 | D:7      | 5264 ||| Stepping ~*~*~tactically~*~*~ (stealth).
  5279 | D:7      | 5279 ||| Stepping ~*~*~tactically~*~*~ (hiding).
  5287 | D:7      | Reached skill level 12 in Unarmed Combat
  5383 | D:7      | Found a shimmering blue altar of Sif Muna.
  5396 | D:7      | 5396 ||| Stepping ~*~*~tactically~*~*~ (hiding).
  5405 | D:7      | 5405 ||| INVOKING Fiery Armour.
  5408 | D:7      | 5408 ||| Stepping ~*~*~tactically~*~*~ (outnumbered).
  5409 | D:7      | 5409 ||| Stepping ~*~*~tactically~*~*~ (outnumbered).
  5674 | D:7      | 5674 ||| UPGRADING to +4 ring of protection.
  5675 | D:7      | 5675 ||| READING 2 scrolls labelled VAH ZONAEBY.
  5676 | D:7      | 5676 ||| READING 4 scrolls of identify.
  5676 | D:7      | 5676 ||| IDENTIFYING murky golden potion
  5677 | D:7      | 5677 ||| READING 3 scrolls of identify.
  5677 | D:7      | 5677 ||| IDENTIFYING sedimented black potion
  5678 | D:7      | 5678 ||| DROPPING potion of invisibility.
  5679 | D:7      | 5679 ||| DROPPING potion of lignification.
  5680 | D:7      | 5680 ||| DROPPING scroll of fear.
  5729 | D:8      | Noticed Psyche
  5731 | D:8      | 5731 ||| Stepping ~*~*~tactically~*~*~ (hiding).
  5734 | D:8      | 5734 ||| Stepping ~*~*~tactically~*~*~ (hiding).
  5735 | D:8      | 5735 ||| Stepping ~*~*~tactically~*~*~ (hiding).
  5738 | D:8      | 5738 ||| Stepping ~*~*~tactically~*~*~ (hiding).
  5746 | D:8      | 5746 ||| FLEEEEING.
  5747 | D:8      | 5747 ||| FLEEEEING.
  5748 | D:8      | 5748 ||| INVOKING Fiery Armour.
  5749 | D:8      | Noticed Maggie
  5750 | D:8      | 5750 ||| Stepping ~*~*~tactically~*~*~ (hiding).
  5754 | D:8      | Killed Psyche
  5759 | D:8      | HP: 22/88 [Maggie/+1 morningstar of flaming (2)]
  5760 | D:8      | 5760 ||| READING 3 scrolls of teleportation.
  5761 | D:8      | 5761 ||| DRINKING potion of heal wounds.
  5762 | D:8      | Killed Maggie
  5763 | D:8      | 5763 ||| Stepping ~*~*~tactically~*~*~ (outnumbered).
  5764 | D:8      | 5764 ||| Stepping ~*~*~tactically~*~*~ (outnumbered).
  5765 | D:8      | 5765 ||| FLEEEEING.
  5766 | D:8      | 5766 ||| FLEEEEING.
  5767 | D:8      | 5767 ||| FLEEEEING.
  5768 | D:8      | 5768 ||| FLEEEEING.
  5774 | D:8      | 5774 ||| Stepping ~*~*~tactically~*~*~ (hiding).
  5775 | D:8      | 5775 ||| Stepping ~*~*~tactically~*~*~ (hiding).
  5777 | D:8      | 5777 ||| Stepping ~*~*~tactically~*~*~ (hiding).
  5785 | D:8      | 5785 ||| FLEEEEING.
  5786 | D:8      | 5786 ||| FLEEEEING.
  5787 | D:8      | 5787 ||| FLEEEEING.
  5789 | D:8      | 5789 ||| FLEEEEING.
  5790 | D:8      | 5790 ||| FLEEEEING.
  5791 | D:8      | 5791 ||| FLEEEEING.
  5792 | D:8      | 5792 ||| FLEEEEING.
  5793 | D:8      | 5793 ||| FLEEEEING.
  5794 | D:8      | 5794 ||| STAIRDANCE
  5843 | D:8      | 5843 ||| STAIRDANCE
  5845 | D:7      | 5845 ||| Stepping ~*~*~tactically~*~*~ (outnumbered).
  5846 | D:7      | 5846 ||| Stepping ~*~*~tactically~*~*~ (outnumbered).
  5850 | D:7      | Reached XP level 10. HP: 76/96 MP: 6/10
  5851 | D:7      | Reached skill level 13 in Unarmed Combat
  5885 | D:8      | 5885 ||| STAIRDANCE
  5890 | D:7      | Reached skill level 1 in Armour
  5903 | D:8      | 5903 ||| STAIRDANCE
  5932 | D:8      | 5932 ||| STAIRDANCE
  5934 | D:7      | 5934 ||| Stepping ~*~*~tactically~*~*~ (outnumbered).
  5935 | D:7      | 5935 ||| Stepping ~*~*~tactically~*~*~ (outnumbered).
  5986 | D:8      | 5986 ||| STAIRDANCE
  5988 | D:7      | 5988 ||| Stepping ~*~*~tactically~*~*~ (outnumbered).
  5989 | D:7      | 5989 ||| Stepping ~*~*~tactically~*~*~ (outnumbered).
  6022 | D:8      | 6022 ||| STAIRDANCE
  6044 | D:8      | 6044 ||| STAIRDANCE
  6048 | D:7      | Reached skill level 14 in Unarmed Combat
  6059 | D:8      | 6059 ||| STAIRDANCE
  6075 | D:8      | 6075 ||| STAIRDANCE
  6118 | D:8      | 6118 ||| Stepping ~*~*~tactically~*~*~ (stealth).
  6119 | D:8      | 6119 ||| Stepping ~*~*~tactically~*~*~ (stealth).
  6120 | D:8      | 6120 ||| Stepping ~*~*~tactically~*~*~ (stealth).
  6122 | D:8      | 6122 ||| Stepping ~*~*~tactically~*~*~ (outnumbered).
  6124 | D:8      | 6124 ||| Stepping ~*~*~tactically~*~*~ (outnumbered).
  6126 | D:8      | 6126 ||| Stepping ~*~*~tactically~*~*~ (outnumbered).
  6127 | D:8      | 6127 ||| Stepping ~*~*~tactically~*~*~ (outnumbered).
  6128 | D:8      | 6128 ||| Stepping ~*~*~tactically~*~*~ (outnumbered).
  6200 | D:8      | 6200 ||| Stepping ~*~*~tactically~*~*~ (hiding).
  6201 | D:8      | 6201 ||| Stepping ~*~*~tactically~*~*~ (hiding).
  6224 | D:8      | Reached skill level 6 in Fighting
  6376 | D:8      | Noticed Erica
  6377 | D:8      | 6377 ||| INVOKING Fiery Armour.
  6384 | D:8      | Killed Erica
  6570 | D:8      | 6570 ||| UPGRADING to +2 kite shield.
  6575 | D:8      | 6575 ||| UPGRADING to +0 acid dragon scales.
  6585 | D:8      | 6585 ||| DROPPING +0 robe.
  6586 | D:8      | 6586 ||| READING scroll labelled DELOACERREA.
  6694 | D:9      | Reached skill level 1 in Shields
  6708 | D:9      | 6708 ||| Stepping ~*~*~tactically~*~*~ (stealth).
  6709 | D:9      | 6709 ||| Stepping ~*~*~tactically~*~*~ (stealth).
  6712 | D:9      | 6712 ||| Stepping ~*~*~tactically~*~*~ (stealth).
  6716 | D:9      | Reached XP level 11. HP: 105/105 MP: 11/11
  6720 | D:9      | 6720 ||| Stepping ~*~*~tactically~*~*~ (stealth).
  6721 | D:9      | 6721 ||| Stepping ~*~*~tactically~*~*~ (stealth).
  6722 | D:9      | 6722 ||| Stepping ~*~*~tactically~*~*~ (stealth).
  6724 | D:9      | 6724 ||| Stepping ~*~*~tactically~*~*~ (outnumbered).
  6725 | D:9      | 6725 ||| Stepping ~*~*~tactically~*~*~ (outnumbered).
  6726 | D:9      | 6726 ||| Stepping ~*~*~tactically~*~*~ (outnumbered).
  6727 | D:9      | 6727 ||| Stepping ~*~*~tactically~*~*~ (outnumbered).
  6728 | D:9      | 6728 ||| Stepping ~*~*~tactically~*~*~ (outnumbered).
  6801 | D:9      | 6801 ||| Stepping ~*~*~tactically~*~*~ (stealth).
  6803 | D:9      | Found a staircase to the Orcish Mines.
  6804 | D:9      | Found Rieh's Weapon Shop.
  6805 | D:9      | 6805 ||| Stepping ~*~*~tactically~*~*~ (hiding).
  6807 | D:9      | 6807 ||| Stepping ~*~*~tactically~*~*~ (stealth).
  6808 | D:9      | 6808 ||| Stepping ~*~*~tactically~*~*~ (hiding).
  6809 | D:9      | 6809 ||| Stepping ~*~*~tactically~*~*~ (hiding).
  6811 | D:9      | Found Ilolugh's Armour Shop.
  6818 | D:9      | Reached skill level 3 in Shields
  7134 | D:9      | Found a stormy altar of Qazlal.
  7185 | D:10     | Entered Level 10 of the Dungeon
  7192 | D:10     | Noticed Lodul
  7193 | D:10     | 7193 ||| Stepping ~*~*~tactically~*~*~ (hiding).
  7198 | D:10     | 7198 ||| INVOKING Fiery Armour.
  7203 | D:10     | Killed Lodul
  7306 | D:10     | 7306 ||| Stepping ~*~*~tactically~*~*~ (hiding).
  7408 | D:10     | 7408 ||| Stepping ~*~*~tactically~*~*~ (hiding).
  7414 | D:10     | 7414 ||| Stepping ~*~*~tactically~*~*~ (stealth).
  7452 | D:10     | 7452 ||| Stepping ~*~*~tactically~*~*~ (stealth).
  7455 | D:10     | 7455 ||| Stepping ~*~*~tactically~*~*~ (stealth).
  7456 | D:10     | 7456 ||| Stepping ~*~*~tactically~*~*~ (stealth).
  7548 | D:10     | Reached skill level 6 in Shields
  7646 | D:10     | Noticed a two-headed ogre
  7654 | D:10     | Killed a two-headed ogre
  7684 | D:10     | 7684 ||| Stepping ~*~*~tactically~*~*~ (stealth).
  7686 | D:10     | 7686 ||| Stepping ~*~*~tactically~*~*~ (stealth).
  7692 | D:10     | 7692 ||| Stepping ~*~*~tactically~*~*~ (stealth).
  7696 | D:10     | 7696 ||| Stepping ~*~*~tactically~*~*~ (stealth).
  7775 | D:10     | 7775 ||| Stepping ~*~*~tactically~*~*~ (hiding).
  7886 | D:10     | 7886 ||| Stepping ~*~*~tactically~*~*~ (outnumbered).
  7935 | D:10     | 7935 ||| Stepping ~*~*~tactically~*~*~ (stealth).
  8067 | D:10     | 8067 ||| Stepping ~*~*~tactically~*~*~ (stealth).
  8068 | D:10     | 8068 ||| Stepping ~*~*~tactically~*~*~ (stealth).
  8069 | D:10     | 8069 ||| Stepping ~*~*~tactically~*~*~ (stealth).
  8075 | D:10     | 8075 ||| Stepping ~*~*~tactically~*~*~ (stealth).
  8083 | D:10     | 8083 ||| Stepping ~*~*~tactically~*~*~ (stealth).
  8085 | D:10     | 8085 ||| Stepping ~*~*~tactically~*~*~ (stealth).
  8127 | D:10     | 8127 ||| Stepping ~*~*~tactically~*~*~ (stealth).
  8177 | D:10     | Found a shimmering altar of Xom.
  8177 | D:10     | Found a shadowy altar of Dithmenos.
  8237 | D:10     | Found a staircase to the Lair.
  8347 | D:10     | 8347 ||| PLANNING LAIR
  8347 | D:10     | 8347 ||| READING scroll labelled SYQAM VUEL.
  8448 | D:10     | 8448 ||| READING 4 scrolls of identify.
  8448 | D:10     | 8448 ||| IDENTIFYING sedimented inky potion
  8449 | D:10     | 8449 ||| READING 3 scrolls of identify.
  8449 | D:10     | 8449 ||| IDENTIFYING inky potion
  8450 | D:10     | 8450 ||| READING 2 scrolls of identify.
  8450 | D:10     | 8450 ||| IDENTIFYING murky dark potion
  8451 | D:10     | 8451 ||| DROPPING potion of magic.
  8514 | Lair:1   | Entered Level 1 of the Lair of Beasts
  8635 | Lair:1   | Found a runed translucent door.
  8666 | Lair:1   | 8666 ||| Stepping ~*~*~tactically~*~*~ (stealth).
  8706 | Lair:1   | 8706 ||| Stepping ~*~*~tactically~*~*~ (stealth).
  8795 | Lair:1   | Reached skill level 9 in Shields
  8853 | Lair:1   | 8853 ||| INVOKING Fiery Armour.
  8855 | Lair:1   | Reached XP level 12. HP: 114/114 MP: 12/12
  8883 | Lair:1   | Noticed Grum
  8886 | Lair:1   | 8886 ||| Stepping ~*~*~tactically~*~*~ (outnumbered).
  8897 | Lair:1   | Killed Grum
  9499 | Lair:2   | 9499 ||| STAIRDANCE
  9505 | Lair:2   | 9505 ||| STAIRDANCE
  9543 | Lair:2   | 9543 ||| INVOKING Fiery Armour.
  9572 | Lair:2   | 9572 ||| FLEEEEING.
  9638 | Lair:2   | 9638 ||| Stepping ~*~*~tactically~*~*~ (stealth).
  9644 | Lair:2   | 9644 ||| Stepping ~*~*~tactically~*~*~ (outnumbered).
  9645 | Lair:2   | 9645 ||| Stepping ~*~*~tactically~*~*~ (outnumbered).
  9647 | Lair:2   | 9647 ||| Stepping ~*~*~tactically~*~*~ (outnumbered).
  9778 | Lair:2   | 9778 ||| INVOKING Fiery Armour.
 10003 | Lair:2   | 10003 ||| Stepping ~*~*~tactically~*~*~ (outnumbered).
 10013 | Lair:2   | Reached skill level 15 in Unarmed Combat
 10041 | Lair:2   | 10041 ||| Stepping ~*~*~tactically~*~*~ (stealth).
 10043 | Lair:2   | 10043 ||| Stepping ~*~*~tactically~*~*~ (stealth).
 10047 | Lair:2   | 10047 ||| Stepping ~*~*~tactically~*~*~ (stealth).
 10057 | Lair:2   | 10057 ||| Stepping ~*~*~tactically~*~*~ (outnumbered).
 10058 | Lair:2   | 10058 ||| Stepping ~*~*~tactically~*~*~ (outnumbered).
 10059 | Lair:2   | 10059 ||| Stepping ~*~*~tactically~*~*~ (outnumbered).
 10060 | Lair:2   | 10060 ||| Stepping ~*~*~tactically~*~*~ (outnumbered).
 10097 | Lair:2   | 10097 ||| INVOKING Fiery Armour.
 10368 | Lair:2   | Found a staircase to the Snake Pit.
 10516 | Lair:3   | 10516 ||| Stepping ~*~*~tactically~*~*~ (stealth).
 10517 | Lair:3   | 10517 ||| Stepping ~*~*~tactically~*~*~ (stealth).
 10539 | Lair:3   | 10539 ||| Stepping ~*~*~tactically~*~*~ (stealth).
 10556 | Lair:3   | 10556 ||| Stepping ~*~*~tactically~*~*~ (stealth).
 10557 | Lair:3   | 10557 ||| Stepping ~*~*~tactically~*~*~ (stealth).
 10558 | Lair:3   | 10558 ||| Stepping ~*~*~tactically~*~*~ (stealth).
 10566 | Lair:3   | 10566 ||| Stepping ~*~*~tactically~*~*~ (outnumbered).
 10567 | Lair:3   | 10567 ||| INVOKING Fiery Armour.
 10568 | Lair:3   | 10568 ||| Stepping ~*~*~tactically~*~*~ (outnumbered).
 10569 | Lair:3   | 10569 ||| Stepping ~*~*~tactically~*~*~ (outnumbered).
 10570 | Lair:3   | 10570 ||| Stepping ~*~*~tactically~*~*~ (outnumbered).
 10571 | Lair:3   | 10571 ||| Stepping ~*~*~tactically~*~*~ (outnumbered).
 10573 | Lair:3   | 10573 ||| Stepping ~*~*~tactically~*~*~ (outnumbered).
 10574 | Lair:3   | 10574 ||| Stepping ~*~*~tactically~*~*~ (outnumbered).
 10579 | Lair:3   | 10579 ||| Stepping ~*~*~tactically~*~*~ (outnumbered).
 10580 | Lair:3   | 10580 ||| Stepping ~*~*~tactically~*~*~ (outnumbered).
 10581 | Lair:3   | Reached skill level 3 in Armour
 10589 | Lair:3   | 10589 ||| Stepping ~*~*~tactically~*~*~ (outnumbered).
 10672 | Lair:3   | 10672 ||| Stepping ~*~*~tactically~*~*~ (stealth).
 10676 | Lair:3   | 10676 ||| Stepping ~*~*~tactically~*~*~ (stealth).
 10762 | Lair:3   | Noticed a four-headed hydra
 10763 | Lair:3   | 10763 ||| INVOKING Fiery Armour.
 10769 | Lair:3   | Killed an eight-headed hydra
 10773 | Lair:3   | 10773 ||| Stepping ~*~*~tactically~*~*~ (stealth).
 10830 | Lair:3   | Noticed a four-headed hydra
 10831 | Lair:3   | 10831 ||| Stepping ~*~*~tactically~*~*~ (stealth).
 10839 | Lair:3   | 10839 ||| Stepping ~*~*~tactically~*~*~ (stealth).
 10840 | Lair:3   | 10840 ||| Stepping ~*~*~tactically~*~*~ (stealth).
 10842 | Lair:3   | 10842 ||| Stepping ~*~*~tactically~*~*~ (stealth).
 10845 | Lair:3   | Killed a six-headed hydra
 10855 | Lair:3   | Reached XP level 13. HP: 107/120 MP: 10/13
 10859 | Lair:3   | 10859 ||| Stepping ~*~*~tactically~*~*~ (outnumbered).
 10860 | Lair:3   | 10860 ||| Stepping ~*~*~tactically~*~*~ (outnumbered).
 10867 | Lair:3   | 10867 ||| Stepping ~*~*~tactically~*~*~ (outnumbered).
 10869 | Lair:3   | 10869 ||| Stepping ~*~*~tactically~*~*~ (outnumbered).
 10872 | Lair:3   | 10872 ||| Stepping ~*~*~tactically~*~*~ (outnumbered).
 10873 | Lair:3   | 10873 ||| Stepping ~*~*~tactically~*~*~ (outnumbered).
 10878 | Lair:3   | Reached skill level 16 in Unarmed Combat
 10943 | Lair:3   | 10943 ||| PLANNING TEMPLE
 10943 | Lair:3   | 10943 ||| DROPPING amulet of magic regeneration.
 11195 | Temple   | Entered the Ecumenical Temple
 11196 | Temple   | 11196 ||| PLANNING CONVERSION TO OKAWARU
 11203 | Temple   | Fell from the grace of Ignis
 11203 | Temple   | Became a worshipper of Warmaster Okawaru
 11204 | Temple   | 11204 ||| PLANNING LAIR
 11204 | Temple   | 11204 ||| REMOVING amulet of guardian spirit.
 11209 | Temple   | 11209 ||| UPGRADING to amulet of the acrobat.
 11214 | Temple   | 11214 ||| DROPPING amulet of guardian spirit.
 11449 | Lair:3   | 11449 ||| Stepping ~*~*~tactically~*~*~ (stealth).
 11450 | Lair:3   | 11450 ||| Stepping ~*~*~tactically~*~*~ (stealth).
 11455 | Lair:3   | 11455 ||| Stepping ~*~*~tactically~*~*~ (outnumbered).
 11487 | Lair:3   | HP: 30/123 [killer bee (6)]
 11488 | Lair:3   | 11488 ||| READING 4 scrolls of teleportation.
 11735 | Lair:3   | Reached * piety under Okawaru
 11756 | Lair:3   | 11756 ||| INVOKING Heroism.
 11778 | Lair:3   | Reached skill level 1 in Invocations
 11870 | Lair:3   | Found a staircase to the Shoals.
 11986 | Lair:3   | 11986 ||| Stepping ~*~*~tactically~*~*~ (stealth).
 11990 | Lair:3   | 11990 ||| Stepping ~*~*~tactically~*~*~ (hiding).
 12138 | Lair:3   | 12138 ||| DROPPING +6 ring of strength.
 12214 | Lair:4   | Reached ** piety under Okawaru
 12243 | Lair:4   | 12243 ||| INVOKING Heroism.
 12246 | Lair:4   | 12246 ||| Stepping ~*~*~tactically~*~*~ (outnumbered).
 12247 | Lair:4   | 12247 ||| Stepping ~*~*~tactically~*~*~ (outnumbered).
 12248 | Lair:4   | 12248 ||| Stepping ~*~*~tactically~*~*~ (outnumbered).
 12249 | Lair:4   | 12249 ||| Stepping ~*~*~tactically~*~*~ (outnumbered).
 12250 | Lair:4   | 12250 ||| Stepping ~*~*~tactically~*~*~ (outnumbered).
 12251 | Lair:4   | 12251 ||| Stepping ~*~*~tactically~*~*~ (outnumbered).
 12252 | Lair:4   | 12252 ||| Stepping ~*~*~tactically~*~*~ (outnumbered).
 12253 | Lair:4   | 12253 ||| Stepping ~*~*~tactically~*~*~ (outnumbered).
 12254 | Lair:4   | 12254 ||| Stepping ~*~*~tactically~*~*~ (outnumbered).
 12255 | Lair:4   | 12255 ||| Stepping ~*~*~tactically~*~*~ (outnumbered).
 12259 | Lair:4   | 12259 ||| Stepping ~*~*~tactically~*~*~ (outnumbered).
 12260 | Lair:4   | 12260 ||| Stepping ~*~*~tactically~*~*~ (outnumbered).
 12261 | Lair:4   | 12261 ||| Stepping ~*~*~tactically~*~*~ (outnumbered).
 12262 | Lair:4   | 12262 ||| Stepping ~*~*~tactically~*~*~ (outnumbered).
 12263 | Lair:4   | 12263 ||| Stepping ~*~*~tactically~*~*~ (outnumbered).
 12264 | Lair:4   | 12264 ||| Stepping ~*~*~tactically~*~*~ (outnumbered).
 12265 | Lair:4   | 12265 ||| Stepping ~*~*~tactically~*~*~ (outnumbered).
 12266 | Lair:4   | 12266 ||| Stepping ~*~*~tactically~*~*~ (outnumbered).
 12267 | Lair:4   | 12267 ||| Stepping ~*~*~tactically~*~*~ (outnumbered).
 12268 | Lair:4   | 12268 ||| Stepping ~*~*~tactically~*~*~ (outnumbered).
 12269 | Lair:4   | 12269 ||| Stepping ~*~*~tactically~*~*~ (outnumbered).
 12270 | Lair:4   | 12270 ||| Stepping ~*~*~tactically~*~*~ (outnumbered).
 12271 | Lair:4   | 12271 ||| Stepping ~*~*~tactically~*~*~ (outnumbered).
 12272 | Lair:4   | 12272 ||| Stepping ~*~*~tactically~*~*~ (outnumbered).
 12273 | Lair:4   | 12273 ||| STAIRDANCE
 12275 | Lair:3   | 12275 ||| Stepping ~*~*~tactically~*~*~ (outnumbered).
 12304 | Lair:4   | 12304 ||| INVOKING Heroism.
 12311 | Lair:4   | 12311 ||| Stepping ~*~*~tactically~*~*~ (outnumbered).
 12312 | Lair:4   | 12312 ||| Stepping ~*~*~tactically~*~*~ (outnumbered).
 12313 | Lair:4   | 12313 ||| Stepping ~*~*~tactically~*~*~ (outnumbered).
 12314 | Lair:4   | 12314 ||| STAIRDANCE
 12320 | Lair:3   | Reached skill level 3 in Invocations
 12324 | Lair:4   | 12324 ||| Stepping ~*~*~tactically~*~*~ (outnumbered).
 12418 | Lair:4   | 12418 ||| INVOKING Heroism.
 12421 | Lair:4   | 12421 ||| Stepping ~*~*~tactically~*~*~ (outnumbered).
 12422 | Lair:4   | 12422 ||| Stepping ~*~*~tactically~*~*~ (outnumbered).
 12430 | Lair:4   | Reached *** piety under Okawaru
 12559 | Lair:4   | 12559 ||| INVOKING Heroism.
 13087 | Lair:4   | 13087 ||| DROPPING ring of see invisible.
 13109 | Lair:5   | Entered Level 5 of the Lair of Beasts
 13156 | Lair:5   | 13156 ||| INVOKING Heroism.
 13277 | Lair:5   | 13277 ||| INVOKING Heroism.
 13296 | Lair:5   | 13296 ||| Stepping ~*~*~tactically~*~*~ (hiding).
 13300 | Lair:5   | 13300 ||| INVOKING Heroism.
 13313 | Lair:5   | Reached skill level 17 in Unarmed Combat
 13390 | Lair:5   | 13390 ||| INVOKING Heroism.
 13399 | Lair:5   | Reached **** piety under Okawaru
 13457 | Lair:5   | Received a gift from Okawaru
 13505 | Lair:5   | 13505 ||| INVOKING Heroism.
 13541 | Lair:5   | 13541 ||| INVOKING Heroism.
 13546 | Lair:5   | 13546 ||| Stepping ~*~*~tactically~*~*~ (outnumbered).
 13548 | Lair:5   | 13548 ||| Stepping ~*~*~tactically~*~*~ (outnumbered).
 13549 | Lair:5   | 13549 ||| Stepping ~*~*~tactically~*~*~ (outnumbered).
 13550 | Lair:5   | 13550 ||| Stepping ~*~*~tactically~*~*~ (outnumbered).
 13551 | Lair:5   | 13551 ||| Stepping ~*~*~tactically~*~*~ (outnumbered).
 13552 | Lair:5   | 13552 ||| Stepping ~*~*~tactically~*~*~ (outnumbered).
 13553 | Lair:5   | 13553 ||| Stepping ~*~*~tactically~*~*~ (outnumbered).
 13554 | Lair:5   | 13554 ||| Stepping ~*~*~tactically~*~*~ (outnumbered).
 13555 | Lair:5   | 13555 ||| Stepping ~*~*~tactically~*~*~ (outnumbered).
 13556 | Lair:5   | 13556 ||| Stepping ~*~*~tactically~*~*~ (outnumbered).
 13559 | Lair:5   | Reached XP level 14. HP: 133/133 MP: 16/16
 13656 | Lair:5   | 13656 ||| INVOKING Heroism.
 13694 | Lair:5   | 13694 ||| INVOKING Heroism.
 13729 | Lair:5   | 13729 ||| INVOKING Heroism.
 13729 | Lair:5   | Noticed Urug
 13734 | Lair:5   | 13734 ||| Stepping ~*~*~tactically~*~*~ (outnumbered).
 13735 | Lair:5   | 13735 ||| Stepping ~*~*~tactically~*~*~ (outnumbered).
 13736 | Lair:5   | 13736 ||| Stepping ~*~*~tactically~*~*~ (outnumbered).
 13737 | Lair:5   | 13737 ||| Stepping ~*~*~tactically~*~*~ (outnumbered).
 13749 | Lair:5   | Killed Urug
 13778 | Lair:5   | Reached skill level 6 in Invocations
 13833 | Lair:5   | Found a staircase to the Slime Pits.
 13962 | Lair:5   | Reached ***** piety under Okawaru
 13976 | Lair:5   | 13976 ||| Stepping ~*~*~tactically~*~*~ (hiding).
 14067 | Lair:5   | 14067 ||| INVOKING Heroism.
 14069 | Lair:5   | 14069 ||| Stepping ~*~*~tactically~*~*~ (stealth).
 14111 | Lair:5   | 14111 ||| INVOKING Heroism.
 14176 | Lair:5   | 14176 ||| Stepping ~*~*~tactically~*~*~ (hiding).
 14180 | Abyss:2  | Cast into level 2 of the Abyss (a wizard)
 14203 | Abyss:2  | Found a corrupted altar of Lugonu.
 14226 | Abyss:2  | 14226 ||| Stepping ~*~*~tactically~*~*~ (stealth).
 14228 | Abyss:2  | 14228 ||| Stepping ~*~*~tactically~*~*~ (stealth).
 14229 | Abyss:2  | 14229 ||| Stepping ~*~*~tactically~*~*~ (stealth).
 14230 | Abyss:2  | 14230 ||| Stepping ~*~*~tactically~*~*~ (stealth).
 14236 | Abyss:2  | 14236 ||| Stepping ~*~*~tactically~*~*~ (outnumbered).
 14251 | Abyss:2  | Noticed a tentacled starspawn
 14253 | Abyss:2  | 14253 ||| INVOKING Heroism.
 14259 | Abyss:2  | 14259 ||| Stepping ~*~*~tactically~*~*~ (outnumbered).
 14260 | Abyss:2  | 14260 ||| Stepping ~*~*~tactically~*~*~ (outnumbered).
 14264 | Abyss:2  | 14264 ||| Stepping ~*~*~tactically~*~*~ (outnumbered).
 14266 | Abyss:2  | 14266 ||| Stepping ~*~*~tactically~*~*~ (outnumbered).
 14267 | Abyss:2  | 14267 ||| Stepping ~*~*~tactically~*~*~ (outnumbered).
 14269 | Abyss:2  | Killed a tentacled starspawn
 14269 | Abyss:2  | Received a gift from Okawaru
 14304 | Abyss:2  | 14304 ||| Stepping ~*~*~tactically~*~*~ (outnumbered).
 14307 | Abyss:2  | 14307 ||| INVOKING Heroism.
 14319 | Abyss:2  | Gained mutation: [Your magical capacity is extremely low.
                  | (-30% MP)] [a neqoxec]
 14321 | Abyss:2  | Gained mutation: [You occasionally lose the ability to
                  | drink potions when taking damage.] [a neqoxec]
 14325 | Abyss:2  | Gained mutation: You have hidden genetic defects. [a
                  | neqoxec]
 14330 | Abyss:2  | HP: 18/93 [wretched star/lance of force (28)]
 14337 | Abyss:2  | Noticed a starcursed mass
 14339 | Abyss:2  | Received a gift from Okawaru
 14339 | Abyss:2  | HP: 20/93 [starcursed mass/accursed screaming (8)]
 14340 | Abyss:2  | 14340 ||| INVOKING Heroism.
 14344 | Abyss:2  | HP: 2/93 [starcursed mass/accursed screaming (12)]
 14346 | Abyss:2  | Killed from afar by a starcursed mass

Levels and vault maps discovered:
D:1:      dpeg_arrival_arbitrary_c, layout_basic,
          shapermc_ecumenical_altar_rom_forum, serial_shops, shop, shop,
          nicolae_shop_stone, nicolae_shop_waterfront
D:2:      layout_loops_cross, serial_shops, nicolae_shop_hallway_plus,
          kennysheep_generic_room_5
D:3:      layout_loops_ring, gammafunk_ghost_icy, uniq_jessica
D:4:      layout_basic, mainiacjoe_overflow_six_doors_small,
          amethyst_overflow_temple_binary, minmay_temple_entry_trees,
          serial_shops, shop, serial_bayou_lagoon_b, uniq_sigmund, uniq_duvessa
D:5:      layout_loops_corners
D:6:      nicolae_BIG_FREAKIN_CUBE, layout_loops_ring, kennysheep_potato,
          uniq_menkaure
D:7:      layout_basic, nicolae_overflow_crystal_walls,
          mainiacjoe_overflow_concentric_impassable, dreamdust_gnoll_farm
D:8:      layout_rooms, uniq_maggie, uniq_psyche, uniq_erica
D:9:      layout_basic, grunt_qazlal_sundering, orc_david_3
D:10:     layout_basic, gammafunk_temple_overflow_pools, lair_entry_dummy,
          minmay_misc_feat_ornament, hangedman_decor_diamond_cutter,
          minmay_orc_keep, uniq_lodul
Temple:   dpeg_chambers_temple
Lair:1:   gammafunk_indiana_jones, layout_small_grid, grunt_megastairs_4,
          uniq_grum
Lair:2:   layout_regular_city, dummy_snake_entry, dreamdust_gnoll_shepherd
Lair:3:   layout_roguey [special_room_bee], elwin_shoals_entry_stream,
          grunt_megastairs_2
Lair:4:   layout_hall_layers
Lair:5:   evil_forest, layout_cave_shapes, slime_entry_1, serial_bayou_shore_b,
          uniq_urug
Abyss:2:  base: Lair:5, hangedman_abyss_or_decor_passed

Skill      XL: |  1  2  3  4  5  6  7  8  9 10 11 12 13 14 |
---------------+-------------------------------------------+-----
Unarmed Combat | 4 6 7 8 10 12 14 15 17 | 17.7
Dodging        | 1 2 3 4 5 |  5.0
Fighting       | 3 4 5 6 7 |  7.1
Throwing       | 1 4 5 |  5.0
Armour         | 1 2 3 |  3.1
Shields        | 1 9 11 | 11.5
Invocations    | 4 7 |  7.2
Spellcasting   | |  1.0
Fire Magic     | |  2.1

Action                   |  1- 3 |  4- 6 |  7- 9 | 10-12 | 13-15 || total
-------------------------+-------+-------+-------+-------+-------++-------
Melee: Unarmed           |    83 |    22 |   223 |   487 |   474 ||  1289
       Kick              |       |     7 |    66 |   141 |   169 ||   383
       Punch             |       |       |    12 |     7 |       ||    19
Throw: Boomerang         |    27 |    18 |    48 |    37 |    63 ||   193
       Javelin           |       |       |       |    78 |    42 ||   120
Invok: Fiery Armour      |     1 |     1 |     3 |     8 |       ||    13
       Heroism           |       |       |       |       |    19 ||    19
  Use: Scroll            |     7 |     1 |    16 |     5 |     1 ||    30
       Potion            |     2 |       |     5 |       |       ||     7
 Stab: Distracted        |       |       |     1 |       |     1 ||     2
Armor: Robe              |    35 |     6 |    58 |    21 |       ||   120
       Acid dragon scale |       |       |       |   104 |   170 ||   274
Dodge: Dodged            |    43 |     2 |    92 |   152 |   237 ||   526
Block: Kite shield       |       |       |       |   207 |   383 ||   590

Table legend:
 A = Non-vault XP
 B = Vault XP
 C = Vault XP percentage of total XP
 D = Non-vault monster count
 E = Vault monster count
 F = Vault count percentage of total count
                 A         B        C        D         E       F
            +---------+---------+-------+---------+---------+-------
      Total |   65643 |   18026 |  21.5 |     363 |      96 |  20.9
            +---------+---------+-------+---------+---------+-------
        D:1 |      27 |       0 |   0.0 |      17 |       0 |   0.0
        D:2 |      46 |       3 |   6.1 |      16 |       2 |  11.1
        D:3 |      58 |      37 |  38.9 |       9 |       1 |  10.0
        D:4 |     938 |     434 |  31.6 |      19 |       3 |  13.6
        D:5 |     788 |       0 |   0.0 |      32 |       0 |   0.0
        D:6 |    1099 |     172 |  13.5 |      23 |       1 |   4.2
        D:7 |    3848 |      97 |   2.5 |      32 |       5 |  13.5
        D:8 |    1503 |    1526 |  50.4 |      24 |       3 |  11.1
        D:9 |    2086 |     142 |   6.4 |      18 |       5 |  21.7
       D:10 |    4819 |    1588 |  24.8 |      26 |      16 |  38.1
     Lair:1 |    3947 |     535 |  11.9 |      17 |       4 |  19.0
     Lair:2 |    6010 |     818 |  12.0 |      27 |       4 |  12.9
     Lair:3 |   13379 |    5124 |  27.7 |      41 |      37 |  47.4
     Lair:4 |    6832 |       0 |   0.0 |      18 |       0 |   0.0
     Lair:5 |   12345 |    7550 |  37.9 |      29 |      15 |  34.1
    Abyss:2 |    7918 |       0 |   0.0 |      15 |       0 |   0.0
            +---------+---------+-------+---------+---------+-------
